 Dungeon Crawl Stone Soup version 0.28-a0-94-g325244837d (webtiles) character file.

Game seed: 8401406841324592414

8 HAL9000 the Sneak (level 2, 0/15 HPs)
             Began as a Vine Stalker Brigand on Aug 7, 2021.
             Slain by a jackal (1 damage)
             ... on level 1 of the Dungeon.
             The game lasted 00:00:20 (194 turns).

HAL9000 the Sneak (Vine Stalker Brigand)             Turns: 194, Time: 00:00:21

Health: 0/15       AC:  3    Str: 13    XL:     2   Next: 8%
Magic:  0/3        EV: 11    Int: 11    God:
Gold:   26         SH:  0    Dex: 15    Spells: 1/1 levels left

rFire   . . .      SeeInvis .   a - +2 dagger
rCold   . . .      Faith    .   (no shield)
rNeg    . . .      Spirit   +   f - +0 robe {Will+}
rPois   .          Reflect  .   (no helmet)
rElec   .          Harm     .   c - +0 cloak
rCorr   .          Rampage  .   (no gloves)
Will    +....                   (no boots)
Stlth   +++.......              (no amulet)
HPRegen 0.05/turn               (no ring)
MPRegen 0.08/turn               (no ring)

@: no status effects
A: fangs 2, magic shield, antimagic bite, no potion heal 2
a: no special abilities


You were on level 1 of the Dungeon.
You visited 1 branch of the dungeon, and saw 1 of its levels.

You collected 26 gold pieces.

Inventory:

Hand Weapons
 a - a +2 dagger (weapon)
Missiles
 d - 7 poisoned darts (quivered)
 e - 2 curare-tipped darts
Armour
 c - a +0 cloak (worn)
 f - a +0 robe of willpower (worn)
Scrolls
 b - a scroll of brand weapon {unknown}


   Skills:
 - Level 1.7 Fighting
 - Level 1.7 Short Blades
 + Level 2.5 Throwing
 - Level 0.7 Dodging
 - Level 4.8 Stealth


You had one spell level left.
You didn't know any spells.
Your spell library was empty.

Dungeon Overview and Level Annotations

Branches:
Dungeon (1/15)

Altars:


Innate Abilities, Weirdness & Mutations

You have extremely sharp teeth.
When hurt, damage is shared between your health and your magic reserves.
Your bite disrupts and absorbs the magic of your enemies.
Potions cannot restore your health.


Message History

The quokka is heavily wounded.
The quokka completely misses you. The quokka barely misses you.
You hit the quokka. You bite the quokka, but do no damage.
The quokka is severely wounded.
The quokka bites you.
* * * LOW HITPOINT WARNING * * *
You closely miss the quokka. Your bite misses the quokka.
The quokka is severely wounded.
The quokka bites you but does no damage.
You are too injured to fight recklessly!
You hit the quokka but do no damage.
The quokka is severely wounded.
The quokka bites you.
* * * LOW HITPOINT WARNING * * *
You are too injured to fight recklessly!
You hit the quokka.
You kill the quokka!
You have reached level 2!
You are too injured to fight recklessly!
You hit the jackal. You bite the jackal. You drain its power.
You feel invigorated.
The jackal is heavily wounded.
The jackal barely misses you.
Unknown command.
Throw: 8 darts (poison)
Press: ? - help, Q - select action, (/) - cycle Shift-Dir - straight line, f - jackal
Aim: a jackal (heavily wounded, 51% to hit)
You throw a poisoned dart.
The poisoned dart closely misses the jackal.
The poisoned dart hits the ball python.
The ball python is poisoned.
The jackal bites you but does no damage.
You kill the ball python!
The jackal bites you but does no damage.
The jackal bites you.
* * * LOW HITPOINT WARNING * * *
The jackal barely misses you.
You hit the jackal but do no damage.
The jackal is heavily wounded.
The jackal bites you.
You die...

..###.....# ≈≈≈≈≈≈ #.##......
..........##≈#≈≈#≈≈#........
...........#≈≈≈≈≈ #........#
#######.#..#≈#≈≈###........###
###....##≈#......†.....+
#.......... #...# #.#.##.#.#
#...#
####.#....#.#######...#####.
...........@hg.K.##....)..!.
######......####.##Kh######.
#......# #..#hg# ####......#
##g#..# #..)#####.#####K#..#
###...#####.#....(h..#
#.+...'..##.#.###..#.#
#.#...##.##.#.# ##.#.#
#.######.##.#.# #.#..


You could see a jackal, a hobgoblin and a kobold.

Vanquished Creatures
  2 goblins (D:1)
  A quokka (D:1)
  3 ball pythons (D:1)
  A frilled lizard (D:1)
  2 rats (D:1)
9 creatures vanquished.

Notes
Turn   | Place    | Note
-------+----------+-------------------------------------------
     0 | D:1      | HAL9000 the Vine Stalker Brigand began the quest for the
                  | Orb.
     0 | D:1      | Reached XP level 1. HP: 11/11 MP: 2/2
   185 | D:1      | Reached XP level 2. HP: 2/15 MP: 0/3
   194 | D:1      | Slain by a jackal

Illustrated notes

Levels and vault maps discovered:
D:1:      minmay_arrival_jagged, layout_basic, minivault_4

Skill      XL: |  1 |
---------------+----+-----
Throwing       | 2 |  2.5
Fighting       | |  1.7
Short Blades   | |  1.7
Dodging        | |  0.7
Stealth        | |  4.8

Action                   || total
-------------------------++-------
Melee: Dagger            ||    21
       Bite              ||     5
Throw: Dart              ||     1
 Stab: Sleeping          ||     3
Armor: Robe              ||     7
Dodge: Dodged            ||    16

Table legend: (Time is in decaauts)
 A = Elapsed time spent in this place.
 B = Non-inter-level travel time spent in this place.
 C = Inter-level travel time spent in this place.
 D = Time resting spent in this place.
 E = Time spent auto-exploring this place.
 F = Levels seen in this place.
 G = Mean time per level.
                   A        B        C        D        E       F      G
               +--------+--------+--------+--------+--------+-----+--------+
         Total |    192 |    192 |      0 |      0 |    115 |   1 |  192.0 |
       Dungeon |    192 |    192 |      0 |      0 |    115 |   1 |  192.0 |
               +--------+--------+--------+--------+--------+-----+--------+

Top non-repeatable levels by time:
     D:1: 192 daAuts
